 Dungeon Crawl Stone Soup version 0.28.0-45-g0d030f2227 (webtiles) character file.

Game seed: 14931651177322486144

80 Faeu the Skirmisher (level 4, -2/40 HPs)
             Began as a Minotaur Fighter on Apr 2, 2022.
             Slain by Robin
             ... wielding a +0 trident
              (3 damage)
             ... on level 3 of the Dungeon.
             The game lasted 00:04:38 (1585 turns).

Faeu the Skirmisher (Minotaur Fighter)              Turns: 1585, Time: 00:04:39

Health: -2/40      AC:  8    Str: 22    XL:     4   Next: 18%
Magic:  3/3        EV:  9    Int:  5    God:
Gold:   46         SH:  4    Dex: 10    Spells: 3/3 levels left

rFire   . . .      SeeInvis .   a - +0 war axe {axe}
rCold   . . .      Faith    .   c - +0 buckler
rNeg    . . .      Spirit   .   b - +0 scale mail
rPois   .          Reflect  .   (helmet restricted)
rElec   .          Harm     .   k - +0 cloak
rCorr   .          Rampage  .   (no gloves)
Will    .....                   (no boots)
Stlth   ..........              q - amulet of the acrobat
HPRegen 0.13/turn               (no ring)
MPRegen 0.08/turn               (no ring)

@: no status effects
A: horns 2, retaliatory headbutt
a: no special abilities


You were on level 3 of the Dungeon.
You visited 1 branch of the dungeon, and saw 3 of its levels.

You collected 46 gold pieces.


Innate Abilities, Weirdness & Mutations

You have a pair of horns on your head.
You reflexively headbutt those who attack you in melee.


   Skills:
 + Level 4.2 Fighting
 + Level 3.2 Axes
 + Level 4.2 Armour
 + Level 1.5 Dodging
 + Level 4.2 Shields


You had 3 spell levels left.
You didn't know any spells.
Your spell library was empty.

Inventory:

Hand Weapons
 a - a +0 war axe (weapon) {axe}
 l - a +1 dagger of freezing {short}
   (You took it off a goblin on level 2 of the Dungeon)
Armour
 b - a +0 scale mail (worn)
 c - a +0 buckler (worn)
 k - a +0 cloak (worn)
   (You found it on level 2 of the Dungeon)
Jewellery
 q - an amulet of the acrobat (around neck)
   (You found it on level 2 of the Dungeon)
Scrolls
 f - a scroll of teleportation {unknown}
 g - a scroll of fog {unknown}
 h - a scroll of holy word {unknown}
 i - a scroll of brand weapon {unknown}
 j - 2 scrolls of vulnerability {unknown}
 m - a scroll of identify {unknown}
 n - a scroll of amnesia {unknown}
 p - a scroll of magic mapping {unknown}
Potions
 d - a potion of might
 e - a potion of heal wounds {unknown}
 o - 2 potions of haste {unknown}

Dungeon Overview and Level Annotations

Branches:
Dungeon (3/15)

Altars:

Shops:
D:1 (

Annotations:
D:3 Robin

..# #.# #.# #.# #.# #.# #
#.# ### ######.##.
#.######.########.........
#.............).@......#
#........#.######g...###
##.####.#.## #.#.## #.#
##.## #.#.# ##.# ### #.#g#
#..# #.#gg #.## #.##. ...#
#.# g# #..# #. .#


You could see Robin.


Message History

Robin, a hobgoblin and 4 goblins come into view.
The goblin shouts!
The hobgoblin shouts!
The goblin shouts! x2
You hear a shout!
Robin roars a battlecry!
The goblins go into a battle-frenzy!
The hobgoblin hits you. 😕 HP[-5]
You take 5 damage, and now have 35/40 hp.
You barely miss the hobgoblin.
The hobgoblin hits you but does no damage. x2
There is an escape hatch in the ceiling here. 😕 HP[+1]
You closely miss the hobgoblin. Robin throws the goblin at you!
The hobgoblin hits you but does no damage.
The goblin hits you but does no damage.
You closely miss the hobgoblin. You barely miss the goblin.
The hobgoblin closely misses you. The goblin hits you but does no damage.
The hobgoblin barely misses you. You furiously retaliate!
You headbutt the hobgoblin. The goblin hits you but does no damage.
You closely miss the hobgoblin. You closely miss the goblin.
The hobgoblin hits you. The goblin barely misses you. 😕 HP[-2]
You take 2 damage, and now have 34/40 hp.
You hit the hobgoblin but do no damage. You hit the goblin.
The hobgoblin hits you.
The goblin hits you with a +0 club. 😮 HP[-4]
You take 4 damage, and now have 30/40 hp.
You slash the hobgoblin!
You kill the hobgoblin!
You slash the goblin!
You kill the goblin!
The hobgoblin no longer looks unusually strong.
Robin throws the goblin at you! The goblin barely misses you. 😕 HP[+1]
You closely miss the hobgoblin. Your headbutt misses the hobgoblin.
You closely miss the goblin. You block the hobgoblin's attack.
The goblin closely misses you. You block Robin's attack.
A hobgoblin comes into view.
The hobgoblin closely misses you.
You hit the hobgoblin but do no damage. You hit the goblin.
You kill the goblin!
Robin throws the goblin at you! The goblin hits you with a +0 club.
The hobgoblin barely misses you. 😮 HP[-1]
You take 1 damage, and now have 30/40 hp.
You closely miss the hobgoblin. Your headbutt misses the hobgoblin.
You hit the goblin.
You kill the goblin!
The hobgoblin closely misses you. Robin throws the goblin at you!
You block the goblin's attack. The hobgoblin hits you. 😮 HP[-4]
You take 4 damage, and now have 26/40 hp.
You barely miss the hobgoblin. You slash the goblin!
You kill the goblin!
Robin hits you from afar with a +0 trident.
The hobgoblin closely misses you. 😮 HP[-4]
You take 4 damage, and now have 22/40 hp.
You hit the hobgoblin.
Robin hits you from afar with a +0 trident.
* * * LOW HITPOINT WARNING * * *
The hobgoblin hits you but does no damage.
Robin completely misses you. 😨 HP[-4]
You take 4 damage, and now have 18/40 hp.
You closely miss the hobgoblin.
The hobgoblin no longer looks unusually strong.
The hobgoblin closely misses you. You furiously retaliate!
You headbutt the hobgoblin, but do no damage.
Robin barely misses you. The hobgoblin hits you.
* * * LOW HITPOINT WARNING * * *
😨 HP[-1]
You take 1 damage, and now have 17/40 hp.
You slash the hobgoblin!
You kill the hobgoblin!
Robin hits you from afar with a +0 trident.
* * * LOW HITPOINT WARNING * * *
😨 HP[-4]
You take 4 damage, and now have 13/40 hp.
You slash the hobgoblin!
You kill the hobgoblin!
Robin hits you from afar with a +0 trident.
* * * LOW HITPOINT WARNING * * *
Robin hits you from afar with a +0 trident.
* * * LOW HITPOINT WARNING * * *
😱 HP[-7]
You take 7 damage, and now have 6/40 hp.
Robin hits you with a +0 trident.
* * * LOW HITPOINT WARNING * * *
There is an escape hatch in the ceiling, spattered with blood here.
You see here a hobgoblin corpse. 😱 HP[-4]
You take 4 damage, and now have 2/40 hp.
You hit Robin.
Robin's bangles clink loudly.
Robin barely misses you.
You closely miss Robin. Robin hits you with a +0 trident.
* * * LOW HITPOINT WARNING * * *
Robin hits you with a +0 trident.
You die...

Skill      XL: |  1  2  3 |
---------------+----------+-----
Fighting       | 4 |  4.2
Dodging        | 1 |  1.5
Armour         | 4 |  4.2
Shields        | 4 |  4.2
Axes           | 3 |  3.2

Action                   |  1- 3 |  4- 6 || total
-------------------------+-------+-------++-------
Melee: War axe           |    86 |    19 ||   105
       Headbutt          |    10 |     1 ||    11
Armor: Scale mail        |    40 |    10 ||    50
Dodge: Dodged            |    47 |    14 ||    61
Block: Buckler           |    28 |     3 ||    31

Levels and vault maps discovered:
D:1:      lightli_arrival_windingriver, layout_basic, serial_shops,
          shop_fountains
D:2:      layout_rooms
D:3:      layout_loops_ring, serial_shops, shop, basic_ecumenical_altar,
          cheibrodos_gnoll_hut, uniq_jessica, uniq_terence, uniq_ijyb,
          uniq_robin

Notes
Turn   | Place    | Note
-------+----------+-------------------------------------------
     0 | D:1      | Faeu the Minotaur Fighter began the quest for the Orb.
     0 | D:1      | Reached XP level 1. HP: 19/19 MP: 0/0
     0 | D:1      | magus.rc [v1.9.6]
     0 | D:1      | magus.rc [v1.9.6]
    55 | D:1      | Found Fumist's Weapon Emporium.
   324 | D:1      | Reached XP level 2. HP: 27/27 MP: 1/1
   797 | D:2      | Reached skill level 4 in Fighting
   797 | D:2      | Reached skill level 1 in Dodging
   797 | D:2      | Reached XP level 3. HP: 33/33 MP: 2/2
   830 | D:2      | Reached skill level 4 in Armour
   830 | D:2      | Reached skill level 4 in Shields
   894 | D:2      | Reached skill level 3 in Axes
  1464 | D:3      | Reached XP level 4. HP: 40/40 MP: 3/3
  1565 | D:3      | Noticed Robin
  1582 | D:3      | HP: 10/40 [Robin/+0 trident (3)]
  1583 | D:3      | HP: 2/40 [Robin/+0 trident (4)]
  1585 | D:3      | Slain by Robin

Vanquished Creatures
  3 adders (D:2)
  6 ball pythons
  4 endoplasms
  2 giant cockroaches
  9 goblins
  8 hobgoblins
  4 jackals
  2 bats (D:1)
  2 frilled lizards
  4 kobolds
  3 rats
47 creatures vanquished.

Table legend:
 A = Non-vault XP
 B = Vault XP
 C = Vault XP percentage of total XP
 D = Non-vault monster count
 E = Vault monster count
 F = Vault count percentage of total count
                 A         B        C        D         E       F
            +---------+---------+-------+---------+---------+-------
      Total |     101 |      14 |  12.2 |      40 |       7 |  14.9
            +---------+---------+-------+---------+---------+-------
        D:1 |      24 |       0 |   0.0 |      16 |       0 |   0.0
        D:2 |      70 |       0 |   0.0 |      20 |       0 |   0.0
        D:3 |       7 |      14 |  66.7 |       4 |       7 |  63.6
            +---------+---------+-------+---------+---------+-------

Illustrated notes

Table legend:
 A = Kills in this place as a percentage of kills in entire the game.
 B = Kills by you in this place as a percentage of kills by you in the entire game.
 C = Kills by friends in this place as a percentage of kills by friends in the entire game.
 D = Other kills in this place as a percentage of other kills in the entire game.
 E = Experience gained in this place as a percentage of experience gained in the entire game.
 F = Experience gained in this place divided by the number of levels of this place that you have seen.
                   A       B       C       D       E      F
               +-------+-------+-------+-------+-------+----------------------
         Total | 100.0 | 100.0 |   N/A |   N/A | 100.0 |  38.3
       Dungeon | 100.0 | 100.0 |   N/A |   N/A | 100.0 |  38.3
               +-------+-------+-------+-------+-------+----------------------

Table legend: (Time is in decaauts)
 A = Elapsed time spent in this place.
 B = Non-inter-level travel time spent in this place.
 C = Inter-level travel time spent in this place.
 D = Time resting spent in this place.
 E = Time spent auto-exploring this place.
 F = Levels seen in this place.
 G = Mean time per level.
                   A        B        C        D        E       F      G
               +--------+--------+--------+--------+--------+-----+--------+
         Total |   1628 |   1587 |     41 |      0 |   1156 |   3 |  542.7 |
       Dungeon |   1628 |   1587 |     41 |      0 |   1156 |   3 |  542.7 |
               +--------+--------+--------+--------+--------+-----+--------+

Top non-repeatable levels by time:
     D:1: 791 daAuts
     D:2: 693 daAuts
     D:3: 143 daAuts
